 Dungeon Crawl Stone Soup version 0.29-a0-577-gafbf2c5d25 (webtiles) character file.

Game seed: 9032422184449980498

192 shoop the Insei (level 6, -5/47 HPs)
             Began as a Meteoran Transmuter on June 14, 2022.
             Slain by Crazy Yiuf
             ... wielding a +3 quarterstaff of chaos
              (12 damage)
             ... on level 3 of the Dungeon on June 17, 2022.
             The game lasted 00:08:09 (852 turns).

shoop the Insei (Meteoran Transmuter)                Turns: 852, Time: 00:08:12

Health: -5/47      AC:  2    Str: 11    XL:     6   Next: 23%
Magic:  9/11       EV: 20    Int: 17    God:
Gold:   83         SH:  0    Dex: 20    Spells: 2/10 levels left

rFire   . . .      SeeInvis .     - Unarmed
rCold   . . .      Faith    .   (shield currently unavailable)
rNeg    . . .      Spirit   .   (body armour currently unavailable)
rPois   x          Reflect  .   (helmet currently unavailable)
rElec   .          Harm     .   (cloak currently unavailable)
rCorr   .          Rampage  .   (gloves currently unavailable)
Will    .....                   (boots currently unavailable)
Stlth   +.........              (no amulet)
HPRegen 0.15/turn               c - +4 ring of slaying
MPRegen 0.12/turn               (no ring)

@: lethally poisoned (-5 -> -26), spider-form (expiring), glowing
A: venomous fangs, tiny, sense surroundings 1, otherworldly, glowing, explore
regen, (iridescent scales 1), (camouflage 1), (electricity resistance)
a: End Transformation


You were on level 3 of the Dungeon.
You were a venomous arachnid creature.
You visited 1 branch of the dungeon, and saw 4 of its levels.

You collected 83 gold pieces.

Inventory:

Missiles
 j - a throwing net
Armour
 a - a +0 robe (melded)
Jewellery
 c - a +4 ring of slaying (left front leg)
Wands
 n - a wand of iceblast (11)
Scrolls
 f - 2 scrolls of poison {unknown}
 l - a scroll of fog {unknown}
 m - a scroll of enchant weapon {unknown}
Potions
 b - 2 potions of lignification
 d - a potion of mutation
 e - 2 potions of brilliance {unknown}
 g - a potion of invisibility
 h - 2 potions of heal wounds {unknown}
 i - a potion of ambrosia {unknown}
 k - 3 potions of attraction {unknown}


   Skills:
 + Level 1.6 Fighting
 + Level 2.8 Dodging
 - Level 5.0 Unarmed Combat
 - Level 2.6 Spellcasting
 - Level 4.0 Transmutations
 + Level 0.0 Ice Magic
 - Level 2.0 Poison Magic
 - Level 3.0 Evocations


You had 2 spell levels left.
You knew the following spells:

 Your Spells              Type           Power      Damage    Failure   Level
a - Beastly Appendage     Tmut           30%        N/A       12%         1
b - Ice Form              Ice/Tmut       9%         N/A       80%         4
c - Spider Form           Tmut/Pois      12%        N/A       34%         3

Your spell library contained the following spells:

 Spells                   Type           Power      Damage    Failure   Level
 Wereblood                Tmut           15%        N/A       16%         2


Dungeon Overview and Level Annotations

Branches:
Dungeon (4/15)
 Temple: D:4-7

Altars:

Annotations:
D:3 Crazy Yiuf
D:4 3 runed translucent doors


Innate Abilities, Weirdness & Mutations

You are a venomous arachnid creature.
You have poisonous fangs.
You are tiny and dextrous.
Your spellcasting is less reliable in this form.
Your armour is entirely melded.
You are incapable of wielding weapons or throwing items.
You passively map a small area around you.
You are easily found by Zot.
You glow in the dark.
You regain HP and MP as you explore.
((You are partially covered in iridescent scales. (AC +2)))
((Your skin changes colour to match your surroundings (Stealth+).))
((You are resistant to electric shocks. (rElec)))


Message History

Memorise Ice Form, consuming 4 spell levels and leaving 2?
You start memorising the spell.
You continue memorising.
Your transformation is almost over.
You continue memorising. x3
You finish memorising.
Spell assigned to 'b'.
Your transformation has ended.
Your +0 robe unmelds from your body.
Found 14 gold pieces.
You now have 83 gold pieces (gained 14).
Found a mace.
Found a runed translucent door.
Crazy Yiuf shouts!
Crazy Yiuf screams, "Whippet arm infinity!"
Casting: Spider Form (dangerous; 16% risk of failure)
Confirm with . or Enter, or press ? or * to list all spells.
You turn into a venomous arachnid creature.
Your +0 robe melds into your body.
You open the door.
Crazy Yiuf waves his quarterstaff at you.
You barely miss Crazy Yiuf.
Crazy Yiuf drinks a potion.
Crazy Yiuf flickers and vanishes!
Deactivating autopickup; reactivate with Ctrl-A.
You barely miss something. You hit something. Something barely misses you.
You hit something.
Your transformation is almost over.
Something hits you!
You are lethally poisoned!
Something hits you! Something burns you.
You feel extremely sick. Something completely misses you.
* * * LOW HITPOINT WARNING * * *
You feel extremely sick.
It was a potion of mutation.
You feel extremely strange.
Your skin functions as natural camouflage.
Iridescent scales grow over part of your body.
You feel insulated.
* * * LOW HITPOINT WARNING * * *
You feel very sick. Something hits you!
You die...

#.#.#.###.#
#...#....)#
#####
###.#..####
#)..#
..........#
#...#
###.##.#.##
...
.......#.#
#'#
####.###.##
#.## ......#
##.# .###..#
#s##
########..#
##.#
..........#
##.##
#########.#
##...# #...#
#P.P.# #.###
#....#
#...####....#
###...##...##
##.####..##


There were no monsters in sight!

Vanquished Creatures
  A necrophage (D:4)
  An orc priest (D:4)
  An orc wizard (D:4)
  4 adders
  A worm (D:2)
  An orc (D:3)
  2 endoplasms (D:1)
  2 goblins
  5 hobgoblins
  6 jackals
  A quokka (D:1)
  4 ball pythons
  4 bats
  3 frilled lizards
  4 kobolds
40 creatures vanquished.

Notes
Turn   | Place    | Note
-------+----------+-------------------------------------------
     0 | D:1      | shoop the Meteoran Transmuter began the quest for the Orb.
     0 | D:1      | Reached XP level 1. HP: 16/16 MP: 5/5
    41 | D:1      | Reached skill level 4 in Unarmed Combat
    58 | D:1      | Reached XP level 2. HP: 18/23 MP: 4/6
   163 | D:1      | Reached XP level 3. HP: 25/28 MP: 8/8
   217 | D:1      | Learned a level 3 spell: Spider Form
   292 | D:2      | Reached skill level 5 in Unarmed Combat
   305 | D:2      | Reached skill level 1 in Poison Magic
   535 | D:3      | Reached XP level 4. HP: 31/35 MP: 7/9
   612 | D:4      | Noticed a necrophage
   641 | D:3      | Reached skill level 1 in Evocations
   719 | D:4      | Killed a necrophage
   720 | D:4      | Reached XP level 5. HP: 37/40 MP: 7/10
   730 | D:4      | Found a runed translucent gate.
   730 | D:4      | Found a runed translucent gate.
   730 | D:4      | Found a runed translucent gate.
   749 | D:4      | Reached XP level 6. HP: 47/47 MP: 5/11
   778 | D:3      | Learned a level 4 spell: Ice Form
   840 | D:3      | Found a runed translucent door.
   841 | D:3      | Noticed Crazy Yiuf
   852 | D:3      | Gained mutation: Your skin changes colour to match your
                  | surroundings (Stealth+). [potion of mutation]
   852 | D:3      | Gained mutation: You are partially covered in iridescent
                  | scales. (AC +2) [potion of mutation]
   852 | D:3      | Gained mutation: You are resistant to electric shocks.
                  | (rElec) [potion of mutation]
   852 | D:3      | Slain by Crazy Yiuf

Illustrated notes

Levels and vault maps discovered:
D:1:      lightli_arrival_quake, layout_loops_ring
D:2:      layout_basic, ebering_ecumenical_altar_petrified, minmay_circle_x
D:3:      layout_basic, uniq_crazy_yiuf_cottage, uniq_jessica
D:4:      layout_basic, gammafunk_ghost_split

Skill      XL: |  1  2  3  4  5  6 |
---------------+-------------------+-----
Unarmed Combat | 4 5 |  5.0
Poison Magic   | 2 |  2.0
Transmutations | 3 4 |  4.0
Evocations     | 2 3 |  3.0
Fighting       | |  1.6
Dodging        | |  2.8
Spellcasting   | |  2.6

Action                   |  1- 3 |  4- 6 || total
-------------------------+-------+-------++-------
Melee: Unarmed           |    48 |    37 ||    85
       Kick              |     6 |     4 ||    10
       Headbutt          |     5 |     3 ||     8
       Punch             |     1 |       ||     1
 Cast: Beastly Appendage |    17 |     5 ||    22
       Spider Form       |       |     4 ||     4
  Use: Potion            |       |     1 ||     1
Armor: Robe              |     7 |     4 ||    11
       Skin              |       |     1 ||     1
Dodge: Dodged            |    19 |    27 ||    46

Table legend: (Time is in decaauts)
 A = Elapsed time spent in this place.
 B = Non-inter-level travel time spent in this place.
 C = Inter-level travel time spent in this place.
 D = Time resting spent in this place.
 E = Time spent auto-exploring this place.
 F = Levels seen in this place.
 G = Mean time per level.
                   A        B        C        D        E       F      G
               +--------+--------+--------+--------+--------+-----+--------+
         Total |    845 |    845 |      0 |      0 |      0 |   4 |  211.2 |
       Dungeon |    845 |    845 |      0 |      0 |      0 |   4 |  211.2 |
               +--------+--------+--------+--------+--------+-----+--------+

Top non-repeatable levels by time:
     D:3: 369 daAuts
     D:1: 224 daAuts
     D:2: 186 daAuts
     D:4: 65 daAuts
